 Dungeon Crawl Stone Soup version 0.27.0-1-g7a089689b8 (webtiles) character file.

Game seed: 6138327561870637848

207 sanka the Ducker (level 5, 0/28 HPs)
             Began as a Spriggan Abyssal Knight on Aug 14, 2021.
             Was a Believer of Lugonu.
             Succumbed to an adder's poison
             ... on level 5 of the Dungeon.
             The game lasted 00:12:50 (8971 turns).

sanka the Ducker (Spriggan Abyssal Knight)          Turns: 8971, Time: 00:12:50

Health: 0/28       AC:  2    Str:  8    XL:     5   Next: 54%
Magic:  7/7        EV: 19    Int: 14    God:    Lugonu [**....]
Gold:   160        SH:  0    Dex: 15    Spells: 4/4 levels left

rFire    . . .     SeeInvis +   a - +1 short sword
rCold    . . .     Faith    .   (shield restricted)
rNeg     . . .     Spirit   .   b - +0 robe
rPois    .         Reflect  .   (helmet restricted)
rElec    .         Harm     .   (no cloak)
rCorr    .         Rampage  .   (gloves unavailable)
Will     .....                  (boots unavailable)
Stlth    +.........             (no amulet)
HPRegen  0.09/turn              (no ring)
MPRegen  0.10/turn              (no ring)

@: lethally poisoned (0 -> -3), very quick
A: very small, no large weapons, unfitting armour, see invisible, speed 3
a: Renounce Religion, Depart the Abyss, Bend Space


You were on level 5 of the Dungeon.
You worshipped Lugonu.
Lugonu was pleased with you.
You visited 1 branch of the dungeon, and saw 5 of its levels.
You visited the Abyss 1 time.

You collected 160 gold pieces.


Innate Abilities, Weirdness & Mutations

You are very small and have problems with some larger weapons.
You are too small for most types of armour.
You have supernaturally acute eyesight. (SInv)
You cover ground extremely quickly. (Speed+++)


   Skills:
 - Level 3.0 Fighting
 + Level 4.5 Short Blades
 + Level 5.7 Dodging
 - Level 1.7 Invocations


You had 4 spell levels left.
You didn't know any spells.
Your spell library was empty.

Inventory:

Hand Weapons
 a - a +1 short sword (weapon)
Missiles
 l - a throwing net {=f}
 p - 4 boomerangs (quivered)
Armour
 b - a +0 robe (worn)
Magical Staves
 c - a staff of conjuration {!a}
Scrolls
 d - a scroll of acquirement {unknown}
 e - a scroll of identify {unknown}
 f - a scroll of magic mapping {unknown}
 g - 2 scrolls of teleportation {unknown}
 j - a scroll of blinking {unknown}
 o - a scroll of brand weapon {unknown}
 q - a scroll of amnesia {unknown}
Potions
 h - a potion of haste {@q3}
 i - a potion of experience {unknown}
 k - a potion of resistance {unknown}
 m - a potion of mutation {unknown}
 n - a potion of might {unknown}

Dungeon Overview and Level Annotations

Branches:
Dungeon (5/15)             Temple (0/1) D:4

Altars:
Elyvilon
Nemelex Xobeh

Annotations:
D:1 Terence
D:5 exclusion: phantom

.... ........▒▒
.........▒ . ▒........
▒▒▒ ..
▒▒.......▒▒▒.▒▒▒▒ ...
........▒▒...▒.▒▒▒
....▒▒..▒............▒
▒.......▒......i.....▒
▒.................!.▒
....▒..▒▒..<.........
. ▒▒.▒▒▒.........▒▒
▒...▒▒.........▒
▒..▒..▒▒........▒
▒...▒.▒▒.........▒
▒▒▒▒▒....▒[..▒..▒▒
▒▒...▒▒...▒.▒


There were no monsters in sight!


Message History

Unknown command.
You miss the adder.
The adder is moderately wounded.
The adder bites you.
* * * LOW HITPOINT WARNING * * *
You are lethally poisoned!
The adder poisons you!
You hit the adder.
The adder is severely wounded.
* * * LOW HITPOINT WARNING * * *
You feel sick. The adder closely misses you.
Unknown command.
You miss the adder.
The adder is severely wounded.
* * * LOW HITPOINT WARNING * * *
You feel sick. The adder barely misses you.
Unknown command.
You closely miss the adder.
The adder is severely wounded.
* * * LOW HITPOINT WARNING * * *
You feel sick. The adder bites you.
* * * LOW HITPOINT WARNING * * *
Unknown command.
You hit the adder.
You kill the adder!
Lugonu accepts your kill.
You die...

Action                   |  1- 3 |  4- 6 || total
-------------------------+-------+-------++-------
Melee: Short sword       |   176 |   262 ||   438
Throw: Boomerang         |       |     1 ||     1
 Stab: Sleeping          |     2 |       ||     2
Armor: Robe              |    11 |    23 ||    34
Dodge: Dodged            |   112 |   193 ||   305

Levels and vault maps discovered:
D:1:      scummos_arrival_simple_crosswalls, layout_basic,
          shapermc_ecumenical_altar_hornbeckon
D:2:      layout_basic, grunt_ministairs_4, minmay_misc_feat_five, st_stairs_14,
          kennysheep_generic_room_8, uniq_terence
D:3:      layout_rooms, elyvilon_altar_3, lemuel_doored_altar, serial_curves,
          eino_curves_03, eino_curves_03, eino_curves_03, eino_curves_03
D:4:      layout_cave_pools, minmay_temple_entry_proselytizer, serial_forest,
          infiniplex_forest_lined_2, infiniplex_forest_clump_double,
          infiniplex_forest_end_2, infiniplex_forest_clump_diagonal,
          infiniplex_forest_clump_curved, infiniplex_forest_clump_double,
          infiniplex_forest_clump_tiny, infiniplex_forest_corner_2,
          saegor_snake_ambush
D:5:      minmay_evil_eye, layout_cave_pools

Notes
Turn   | Place    | Note
-------+----------+-------------------------------------------
     0 | Abyss:1  | sanka the Spriggan Abyssal Knight began the quest for the
                  | Orb.
     0 | Abyss:1  | Reached XP level 1. HP: 11/11 MP: 3/3
    46 | Abyss:1  | Found a corrupted altar of Lugonu.
   103 | Abyss:1  | Noticed a small abomination
   135 | D:1      | Escaped the Abyss
   549 | D:1      | HP: 1/11 [frozen (4)]
   883 | D:1      | Reached XP level 2. HP: 16/16 MP: 4/4
  1512 | D:1      | Found a faded altar of an unknown god.
  2511 | D:2      | Noticed Terence
  2591 | D:2      | Reached XP level 3. HP: 18/19 MP: 5/5
  3034 | D:2      | Reached skill level 4 in Dodging
  3252 | D:2      | Reached skill level 3 in Short Blades
  3717 | D:3      | Reached ** piety under Lugonu
  3766 | D:3      | Found a sparkling altar of Nemelex Xobeh.
  3773 | D:3      | Reached skill level 3 in Fighting
  4085 | D:3      | Reached XP level 4. HP: 6/24 MP: 6/6
  5042 | D:3      | Found a white marble altar of Elyvilon.
  5114 | D:3      | HP: 2/24 [acid (9)]
  5847 | D:3      | Reached skill level 5 in Dodging
  6012 | D:4      | Noticed an ogre
  6233 | D:4      | Reached skill level 4 in Short Blades
  6272 | D:4      | Reached XP level 5. HP: 27/28 MP: 7/7
  6290 | D:4      | Noticed an ogre
  6688 | D:4      | Noticed a two-headed ogre
  8284 | D:4      | Found a staircase to the Ecumenical Temple.
  8352 | D:5      | Entered Level 5 of the Dungeon
  8522 | D:5      | Noticed a black bear
  8852 | D:5      | Noticed a phantom
  8862 | D:5      | Noticed a centaur
  8970 | D:5      | HP: 2/28 [poisoned by an adder]
  8971 | D:5      | Succumbed to an adder's poison

Vanquished Creatures
  A jelly (D:3)
  An orc wizard (D:4)
  A hound zombie (D:5)
  A hound skeleton (D:4)
  5 adders
  3 dart slugs
  6 orcs
  6 endoplasms
  2 giant cockroaches
  9 goblins
  9 hobgoblins
  8 kobolds
  4 quokkas
  11 ball pythons
  A bat (D:2)
  A frilled lizard (D:3)
  10 rats
79 creatures vanquished.

Vanquished Creatures (others)
  10 plants (D:4)
10 creatures vanquished.

Grand Total: 89 creatures vanquished
